 Dungeon Crawl Stone Soup version 0.30.2 (webtiles) character file.

Game seed: 1811772606756335093

137195 Kaboulah the Fighter (level 17, -5/182 HPs)
             Began as an Ogre Fighter on Mar 17, 2024.
             Was a High Priest of Makhleb.
             Slain by a culicivora (9 damage)
             ... on level 3 of the Spider Nest on Mar 24, 2024.
             The game lasted 05:13:33 (26321 turns).

Kaboulah the Fighter (Ogre Fighter)                Turns: 26321, Time: 05:13:33

Health: -5/182     AC: 11    Str: 30      XL:     17   Next: 23%
Magic:  26/26      EV: 19    Int:  9      God:    Makhleb [*****.]
Gold:   634        SH: 12    Dex: 16 (17) Spells: 3/16 levels left

rFire   x x .        t - +6 mace of Ebohot {flame, Dex+3}
rCold   + . .        c - +0 kite shield
rNeg    . . .        K - +4 skin of Zhor {*Englaciate rC+++ SInv}
rPois   +            (helmet restricted)
rElec   .            y - +0 cloak
rCorr   .            (gloves unavailable)
SInv    +            (boots unavailable)
Will    +....        p - amulet of Elemental Vulnerability {rPois rF-- rC-- AC+8}
Stlth   +            R - +5 ring of evasion
HPRegen 0.50/turn    e - +6 ring of dexterity
MPRegen 0.20/turn

%: no passive effects
@: about to teleport, corroded, studying Maces & Flails, invisible
A: large, unfitting armour, tough skin 1, deformed body, inability to read after
injury 1, noise suppression
a: Renounce Religion, Minor Destruction, Lesser Servant of Makhleb, Major
Destruction, Greater Servant of Makhleb


You were on level 3 of the Spider Nest.
You worshipped Makhleb.
Makhleb was extremely pleased with you.
You visited 5 branches of the dungeon, and saw 22 of its levels.
You also visited: Ossuary and Ice Cave.

You collected 2244 gold pieces.
You spent 1610 gold pieces at shops.

Inventory:

Hand Weapons
 t - the +6 mace of Ebohot (weapon) {flame, Dex+3}
   (You found it on level 3 of the Dungeon)

   Dex:       It affects your dexterity (+3).
Missiles
 g - 12 large rocks
 o - 7 boomerangs
Armour
 c - a +0 kite shield (worn)
 y - a +0 cloak (worn)
 E - the +0 toga "Victory" {*Victory Clar}
   (You found it on level 7 of the Dungeon)

   *Victory:  When the wearer kills a threatening monster, it has a chance to
   gain +1 AC, +1 Slay, and +1 Int, capping at +7.
   When the wearer uses a scroll or a potion with a hostile monster in sight,
   its bonuses reset to +0.
   Unequipping it also resets its bonuses to +0.
   Clar:      It protects you from confusion, rage, mesmerisation and fear.
 I - a +0 troll leather armour
 K - the +4 skin of Zhor (worn) {*Englaciate rC+++ SInv}
   (You found it on level 2 of the Lair of Beasts)

   *Englaciate: It radiates cold, occasionally slowing all nearby creatures who
   are not resistant to cold.
   rC:        It renders you almost immune to cold.
   SInv:      It lets you see invisible.
Jewellery
 e - a +6 ring of dexterity (right hand)
 k - the ring of Finality {Fire rPois Int+2}
   (You found it on level 1 of the Lair of Beasts)

   [ring of fire]

   It enhances your fire magic.
   Int:       It affects your intelligence (+2).
   rF:        It protects you from fire.
   rC:        It makes you vulnerable to cold.
   rPois:     It protects you from poison.
 p - the amulet of Elemental Vulnerability (around neck) {rPois rF-- rC-- AC+8}
   (You found it on level 2 of the Lair of Beasts)

   [amulet of nothing]

   AC:        It affects your AC (+8).
   rF:        It makes you very vulnerable to fire.
   rC:        It makes you very vulnerable to cold.
   rPois:     It protects you from poison.
 q - a +6 ring of intelligence
 w - a ring of wizardry
 x - a +6 ring of intelligence
 D - an amulet of regeneration
 P - a ring of protection from cold
 R - a +5 ring of evasion (left hand)
 X - a ring of flight
 Y - a +5 ring of evasion
Wands
 G - a wand of digging (4)
Scrolls
 b - 2 scrolls of fear
 f - 2 scrolls of amnesia
 i - a scroll of poison
 j - 2 scrolls of blinking {unknown}
 l - 3 scrolls of immolation
 r - 2 scrolls of brand weapon
 u - 6 scrolls of teleportation
 z - 3 scrolls of vulnerability
 A - 3 scrolls of fog
 F - 2 scrolls of butterflies
 H - 3 scrolls of enchant armour
 J - 2 scrolls of torment {unknown}
 L - 3 scrolls of silence
 O - a scroll of enchant weapon {unknown}
 W - a scroll of magic mapping {unknown}
Potions
 a - 2 potions of invisibility
 d - a potion of magic
 h - a potion of ambrosia
 m - 4 potions of attraction
 n - 2 potions of haste
 s - 11 potions of curing
 v - 6 potions of mutation
 B - 2 potions of cancellation
 C - a potion of brilliance
 M - a potion of might
 N - 3 potions of flight
 Q - a potion of heal wounds
 S - 3 potions of resistance
 T - a potion of lignification
 U - 3 potions of berserk rage
Miscellaneous
 V - a phial of floods (inert)


   Skills:
 + Level 14.8 Fighting
 - Level 2.4(10.1) Axes
 - Level 13.9(14.0) Maces & Flails
 - Level 1.0(1.9) Polearms
 - Level 6.0 Throwing
 + Level 10.7 Dodging
 + Level 11.7 Shields
 + Level 6.2 Hexes
 - Level 6.0 Translocations
 - Level 6.0 Ice Magic
 + Level 12.0 Invocations


You had 3 spell levels left.
You knew the following spells:

 Your Spells              Type           Power      Damage    Failure   Level
a - Ozocubu's Armour      Ice            10%        N/A       16%         3
b - Blink                 Tloc           20%        N/A       8%          2
c - Lesser Beckoning      Tloc           20%        N/A       8%          2
d - Confusing Touch       Hex            11%        N/A       14%         3
e - Tukima's Dance        Hex            11%        N/A       14%         3

Your spell library contained the following spells:

 Spells                   Type           Power      Damage    Failure   Level
 Portal Projectile        Hex/Tloc       20%        N/A       16%         3
 Momentum Strike          Conj/Tloc      10%        3d8       26%         2
 Summon Guardian Golem    Hex/Summ       5%         N/A       45%         3
 Vhi's Electric Charge    Tloc/Air       10%        N/A       47%         3
 Kiss of Death            Conj/Necr      0%         2d5       52%         1
 Shock                    Conj/Air       0%         1d3       52%         1
 Sting                    Tmut/Pois      0%         1d3       52%         1
 Summon Small Mammal      Summ           0%         N/A       52%         1
 Sublimation of Blood     Necr           0%         N/A       67%         2
 Wereblood                Tmut           0%         N/A       67%         2
 Call Canine Familiar     Summ           0%         N/A       88%         3
 Ignite Poison            Fire/Tmut/Pois 0%         N/A       88%         3
 Swiftness                Air            0%         N/A       88%         3
 Airstrike                Air            0%         2d(0-16)  99%         4
 Dispel Undead            Necr           0%         3d6       99%         4
 Sticky Flame             Conj/Fire      0%         2d3       99%         4
 Arcjolt                  Conj/Air       0%         1d10      100%        5
 Blade Hands              Tmut           0%         N/A       100%        5
 Ozocubu's Refrigeration  Ice            5%         4d8       100%        7
 Summon Hydra             Summ           0%         N/A       100%        7
 Ignition                 Fire           0%         3d3       100%        8
 Maxwell's Capacitive Co  Air            0%         ∞         100%        8
 Necromutation            Tmut/Necr      0%         N/A       100%        8


Dungeon Overview and Level Annotations

Branches:
Dungeon (11/15)            Temple (1/1) D:6            Lair (5/5) D:9
 Shoals (0/4) Lair:3       Spider (3/4) Lair:2        Slime (0/5) Lair:5
    Orc (2/2) D:10            Elf (0/3) Orc:2       Ossuary (visited)
  IceCv (visited)

Altars:
Ashenzari
Cheibriados
Dithmenos
Elyvilon
Fedhas
Gozag
Hepliaklqana
Kikubaaqudgha
Makhleb
Nemelex Xobeh
Okawaru
Qazlal
Ru
Sif Muna
Trog
Uskayaw
Vehumet
Wu Jian
Xom
Yredelemnul
Zin
The Shining One
Jiyva

Shops:
D:11 (   Orc:1 !:   Orc:2 :=(:


Innate Abilities, Weirdness & Mutations

You are too large for most types of armour.
You have tough skin. (AC +1)
Armour fits poorly on your strangely shaped body.
You occasionally lose the ability to read scrolls when taking damage.
You passively dampen the noise of your surroundings.


Message History

You feel strangely unstable.
You feel very sick. You block the meliai's attack. The meliai misses you.
You block the wolf spider's attack. The wolf spider completely misses you.
You block the wolf spider's attack. The wolf spider bites you.
* * * LOW HITPOINT WARNING * * *
The culicivora closely misses you.
The meliai mumbles some strange prayers to its god against you.
Something smites you!
* * * LOW HITPOINT WARNING * * *
A jorogumo comes into view.
The wolf spider hits you but does no damage.
The wolf spider closely misses you. You block the wolf spider's attack.
The wolf spider closely misses you. The culicivora bites you!
* * * LOW HITPOINT WARNING * * *
The culicivora draws strength from your injuries!
You feel much better.
You feel very sick.
The redback is no longer waterlogged.
The wolf spider is no longer waterlogged.
The meliai is no longer waterlogged.
The jumping spider leaps!
You block the meliai's attack. x2; The wolf spider misses you.
You block the wolf spider's attack. The redback barely misses you.
The culicivora misses you.
A redback comes into view.
The wolf spider hits you!
* * * LOW HITPOINT WARNING * * *
The wolf spider bites you but does no damage.
The meliai barely misses you. The meliai closely misses you.
You feel better.
The redback is no longer waterlogged.
You block the meliai's attack.
The meliai stings you but does no damage.
The wolf spider hits you!
* * * LOW HITPOINT WARNING * * *
The wolf spider bites you!
* * * LOW HITPOINT WARNING * * *
The redback completely misses you. You block the wolf spider's attack.
The wolf spider bites you but does no damage.
The culicivora bites you!
You die...

... #####^..##### ####
#...##.##... ...#
#...##.##..# ...#
...#..##s.# #
#..######^###s##..# .#
..##....#.#.....ys##s.#
...^..........ssssssss#
#..#^.y..s##...#@sss.##
^...H##.sss#.#sys#####
##.#.B...s.###.ys#
.[.##..#.#[.sHB.##
.^.#.#.....s###.#
###.#.........#.#
...#.##..#....#. ......
##.#..#....# .....#
##.#.#......


You could see a jorogumo, an entropy weaver, 4 wolf spiders, 3 culicivoras, a
jumping spider, a tarantella, 11 redbacks and 3 meliai.

Vanquished Creatures
  Frances (Spider:1)
  A frost giant (IceCv)
  2 emperor scorpions
  A ghost moth (Spider:3)
  The ghost of Curundu the Cleaver, a journeyman MiBe of Trog (Spider:1)
  2 spark wasps
  Snorg (Lair:4)
  The ghost of porpoise the Marksminotaur, a journeyman MiHu of Hepliaklqana (Lair:1)
  An entropy weaver (Spider:2)
  3 hydras (Lair:5)
  A jorogumo (Spider:2)
  2 radroaches
  A two-headed ogre (D:8)
  The ghost of hawkwood the Cruncher, a novice DgAr (D:8)
  A boulder beetle (Spider:3)
  15 death yaks
  4 orc high priests
  Nergalle (Lair:1)
  2 pharaoh ants
  2 skysharks
  An orb spider (Spider:2)
  2 orc knights
  A steelbarb worm (Spider:1)
  10 wolf spiders
  3 oklob plants (Lair:3)
  3 orc sorcerers
  A cyclops (D:11)
  5 elephants (Lair:2)
  A moth of wrath (Lair:1)
  Joseph (D:8)
  3 black mambas
  A demonic crawler (Spider:2)
  An ice statue (IceCv)
  10 cane toads
  6 torpor snails
  9 komodo dragons
  8 rime drakes
  3 meliai (Spider:2)
  4 trolls
  20 polar bears
  The ghost of porpoise the Shooter, an amateur HuHu (D:4)
  Prince Ribbit (D:8)
  4 raiju
  12 tarantellas
  10 dream sheep
  5 blink frogs
  16 jumping spiders
  9 culicivoras
  46 yaks
  A vampire (D:11)
  2 wraiths (D:9)
  6 wyverns
  A fire elemental (D:11)
  5 basilisks
  4 vampire mosquitoes
  22 redbacks
  9 wargs
  13 hell hounds (Lair:5)
  15 water moccasins
  Duvessa (D:6)
  14 orc warriors
  6 ice beasts
  A sky beast (D:6)
  13 black bears
  31 wolves
  3 ogres
  8 centaurs
  5 phantoms
  2 kobold brigands
  9 bullfrogs
  2 gnoll sergeants
  2 scorpions
  14 wights
  8 water moccasin zombies (Ossuary)
  Dowan (D:6)
  A howler monkey (D:4)
  2 quasits (D:4)
  A centaur zombie (D:8)
  3 hounds
  17 jellies
  30 orc priests
  2 sleepcaps
  2 gnoll boudas
  Crazy Yiuf (D:6)
  3 iguanas
  24 orc wizards
  11 hell rats
  A statue (D:6)
  A killer bee zombie (D:8)
  2 mummies (Ossuary)
  9 gnolls
  7 adders
  12 white imps (D:11)
  2 ufetubi (D:5)
  3 adder zombies (Ossuary)
  2 worms
  3 dart slugs
  69 orcs
  11 endoplasms
  3 giant cockroaches
  4 gnoll zombies (Ossuary)
  18 goblins
  11 hobgoblins
  2 jackals (D:4)
  A quokka (D:1)
  6 ball pythons
  7 bats
  A frilled lizard (D:1)
  4 hobgoblin zombies (Ossuary)
  13 kobolds
  3 kobold zombies (Ossuary)
  5 orc zombies (Ossuary)
  5 rats
741 creatures vanquished.

Vanquished Creatures (collateral kills)
  The ghost of ritesign the Eclecticist, a journeyman DECj of Gozag (Orc:2)
  Nessos (Lair:5)
  A boulder beetle (Spider:1)
  A demonic crawler (Spider:1)
  A tarantella (Spider:1)
5 creatures vanquished.

Grand Total: 746 creatures vanquished

Notes
Turn   | Place    | Note
-------+----------+-------------------------------------------
     0 | D:1      | Kaboulah the Ogre Fighter began the quest for the Orb.
     0 | D:1      | Reached XP level 1. HP: 24/24 MP: 1/1
   136 | D:1      | Reached XP level 2. HP: 32/32 MP: 2/2
   605 | D:1      | Reached XP level 3. HP: 40/40 MP: 3/3
  1214 | D:2      | Reached XP level 4. HP: 49/49 MP: 4/4
  1599 | D:3      | Found an ancient bone altar of Kikubaaqudgha.
  1775 | D:3      | Reached skill level 1 in Ice Magic
  1780 | D:3      | Reached XP level 5. HP: 29/55 MP: 5/5
  1790 | D:3      | Reached skill level 1 in Throwing
  1799 | D:3      | Reached skill level 1 in Invocations
  2046 | D:3      | Reached skill level 1 in Polearms
  2113 | D:3      | Identified the +6 mace of Ebohot {flame, Dex+3}
  2329 | D:3      | Found a faded altar of an unknown god.
  2333 | D:3      | Found a shimmering altar of Xom.
  2565 | D:4      | Noticed porpoise's ghost (amateur HuHu)
  2593 | D:4      | Found a transporter.
  2606 | D:4      | Reached skill level 5 in Fighting
  2638 | D:4      | Found an opulent altar of Gozag.
  2729 | D:4      | Found a transporter.
  2915 | D:4      | Learned a level 3 spell: Ozocubu's Armour
  2986 | D:4      | Reached skill level 1 in Maces & Flails
  2986 | D:4      | Reached XP level 6. HP: 27/66 MP: 4/7
  2991 | D:4      | Killed porpoise's ghost
  2992 | D:4      | Reached XP level 7. HP: 34/72 MP: 5/8
  3227 | D:5      | Entered Level 5 of the Dungeon
  3601 | D:5      | Reached XP level 8. HP: 72/83 MP: 8/10
  3760 | D:5      | Reached skill level 6 in Fighting
  4379 | D:6      | Noticed Duvessa
  4379 | D:6      | Noticed Dowan
  4402 | D:6      | Killed Duvessa
  4413 | D:6      | Reached skill level 5 in Shields
  4413 | D:6      | Killed Dowan
  4583 | D:6      | Reached XP level 9. HP: 88/92 MP: 11/11
  4734 | D:6      | Found a sand-covered staircase.
  4741 | Ossuary  | Entered an ossuary
  5000 | Ossuary  | Reached skill level 7 in Fighting
  5022 | Ossuary  | Reached skill level 5 in Maces & Flails
  5208 | D:6      | Found a radiant altar of Vehumet.
  5340 | D:6      | Found a staircase to the Ecumenical Temple.
  5345 | Temple   | Entered the Ecumenical Temple
  5563 | Temple   | Became a worshipper of Makhleb the Destroyer
  5780 | D:6      | Found a runed translucent door.
  5781 | D:6      | Noticed Crazy Yiuf
  5787 | D:6      | Killed Crazy Yiuf
  6244 | D:7      | Found the +0 toga "Victory" {*Victory Clar}
  6246 | D:7      | Found a shadowy altar of Dithmenos.
  6293 | D:7      | Reached skill level 5 in Dodging
  6434 | D:7      | Found a broken altar of Ashenzari.
  6437 | D:7      | Found a glowing golden altar of the Shining One.
  6457 | D:7      | Found a white marble altar of Elyvilon.
  6598 | D:7      | Reached XP level 10. HP: 52/96 MP: 13/13
  6723 | D:7      | Reached * piety under Makhleb
  6784 | D:7      | Reached skill level 5 in Invocations
  6995 | D:8      | Noticed Prince Ribbit
  7004 | D:8      | Killed Prince Ribbit
  7065 | D:8      | Noticed a two-headed ogre
  7090 | D:8      | Killed a two-headed ogre
  7091 | D:8      | Reached skill level 8 in Fighting
  7114 | D:8      | Learned a level 2 spell: Blink
  7117 | D:8      | Learned a level 2 spell: Lesser Beckoning
  7240 | D:8      | Found an iron altar of Okawaru.
  7310 | D:8      | Reached skill level 5 in Throwing
  7398 | D:8      | Noticed Joseph
  7415 | D:8      | Killed Joseph
  7521 | D:8      | Found a runed translucent gate.
  7521 | D:8      | Found a runed translucent gate.
  7521 | D:8      | Found a runed translucent gate.
  7521 | D:8      | Noticed hawkwood's ghost (novice DgAr)
  7530 | D:8      | Found a basalt altar of Yredelemnul.
  7572 | D:8      | Killed hawkwood's ghost
  7572 | D:8      | Reached ** piety under Makhleb
  7573 | D:8      | Reached skill level 5 in Ice Magic
  7723 | D:9      | Found a staircase to the Lair.
  7736 | D:9      | Reached XP level 11. HP: 75/113 MP: 12/15
  8145 | D:9      | Reached skill level 9 in Fighting
  8455 | D:9      | Reached *** piety under Makhleb
  8660 | D:10     | Entered Level 10 of the Dungeon
  9118 | D:10     | Found a staircase to the Orcish Mines.
  9429 | D:11     | Found Ygisisim's Weapon Emporium.
  9440 | D:11     | Found a frozen archway.
  9507 | IceCv    | Entered an ice cave
  9544 | IceCv    | Noticed a death yak
  9551 | IceCv    | Reached **** piety under Makhleb
  9560 | IceCv    | Killed a death yak
  9567 | IceCv    | Reached XP level 12. HP: 54/126 MP: 17/17
  9570 | IceCv    | Reached skill level 1 in Hexes
  9582 | IceCv    | Reached skill level 10 in Fighting
  9659 | IceCv    | Learned a level 3 spell: Confusing Touch
  9679 | IceCv    | Noticed a death yak
  9697 | IceCv    | Killed a death yak
 10102 | IceCv    | Noticed a death yak
 10103 | IceCv    | Noticed a death yak
 10110 | IceCv    | Noticed a death yak
 10116 | IceCv    | Killed a death yak
 10118 | IceCv    | Noticed a death yak
 10127 | IceCv    | Killed a death yak
 10129 | IceCv    | Killed a death yak
 10142 | IceCv    | Killed a death yak
 10198 | IceCv    | Noticed a frost giant
 10198 | IceCv    | Noticed a death yak
 10292 | IceCv    | HP: 5/127 [frost giant/bolt of cold (20)]
 10310 | IceCv    | Killed a death yak
 10310 | IceCv    | Killed a frost giant
 10856 | Lair:1   | Entered Level 1 of the Lair of Beasts
 10912 | Lair:1   | Reached XP level 13. HP: 126/136 MP: 19/19
 10916 | Lair:1   | Reached skill level 11 in Fighting
 10916 | Lair:1   | Reached skill level 10 in Maces & Flails
 10990 | Lair:1   | Found a transporter.
 10993 | Lair:1   | Noticed porpoise's ghost (journeyman MiHu)
 11030 | Lair:1   | Noticed Nergalle
 11040 | Lair:1   | Killed Nergalle
 11143 | Lair:1   | Found a transporter.
 11456 | Lair:1   | Found a white marble altar of Elyvilon.
 11760 | Lair:1   | Killed porpoise's ghost
 11800 | Lair:1   | Identified the ring of Finality {Fire rPois Int+2}
 11885 | Lair:2   | Found the amulet of Elemental Vulnerability {rPois rF--
                  | rC-- AC+8}
 11997 | Lair:2   | Found the +4 skin of Zhor {*Englaciate rC+++ SInv}
 12030 | Lair:2   | Got Poesmuud's Incunabulum of Metamorphosis
 12183 | Lair:2   | Found a hole to the Spider Nest.
 12293 | Lair:2   | Reached skill level 5 in Hexes
 12293 | Lair:2   | Reached XP level 14. HP: 148/148 MP: 20/20
 12294 | Lair:2   | Reached skill level 12 in Fighting
 12294 | Lair:2   | Reached XP level 15. HP: 157/157 MP: 20/22
 12922 | Lair:2   | Reached skill level 1 in Translocations
 13639 | Lair:3   | You fall into a shaft and drop 2 floors!
 13639 | Lair:5   | Entered Level 5 of the Lair of Beasts
 13832 | Lair:5   | Reached skill level 10 in Invocations
 13839 | Lair:5   | Reached skill level 10 in Shields
 13871 | Lair:5   | Reached ***** piety under Makhleb
 14291 | Lair:3   | Found a staircase to the Shoals.
 14424 | Lair:3   | Reached skill level 13 in Fighting
 15382 | Lair:4   | Noticed Snorg
 15401 | Lair:4   | Noticed an Executioner
 15830 | Lair:4   | Killed Snorg
 15894 | Lair:5   | Noticed Nessos
 16690 | Lair:5   | Killed Nessos
 16691 | Lair:5   | Reached XP level 16. HP: 107/170 MP: 23/23
 17233 | Lair:5   | Learned a level 3 spell: Tukima's Dance
 17304 | Lair:5   | Identified the +6 dagger "Gyefot" {elec, rPois Str+3 Int-4
                  | Stlth+}
 17388 | Lair:5   | Found the +8 longbow "Zephyr" {speed, Dex+3 SInv}
 18631 | Lair:5   | Found a staircase to the Slime Pits.
 18632 | Lair:5   | Found a viscous altar of Jiyva.
 19426 | Orc:1    | Entered Level 1 of the Orcish Mines
 19592 | Orc:2    | Entered Level 2 of the Orcish Mines
 19716 | Orc:2    | Reached ****** piety under Makhleb
 19803 | Orc:2    | Paralysed by an orc sorcerer for 2 turns
 19805 | Orc:2    | Gained mutation: You occasionally lose the ability to read
                  | scrolls when taking damage. [a neqoxec]
 19815 | Orc:2    | Paralysed by an orc sorcerer for 5 turns
 19816 | Orc:2    | Gained mutation: Armour fits poorly on your strangely
                  | shaped body. [a neqoxec]
 20140 | Orc:2    | Reached skill level 10 in Dodging
 20229 | Orc:2    | Noticed ritesign's ghost (journeyman DECj)
 20232 | Orc:2    | Found a runed translucent door.
 20254 | Orc:2    | Found Adghaaphuff's Jewellery Boutique.
 20257 | Orc:2    | Found Tovvi's Book Shop.
 20258 | Orc:2    | Found Zolic's Weapon Shop.
 20265 | Orc:2    | Found Ebluemud's Book Boutique.
 20495 | Orc:2    | Gained mutation: You passively dampen the noise of your
                  | surroundings. [a neqoxec]
 20537 | Orc:2    | Found a staircase to the Elven Halls.
 20718 | Orc:2    | Noticed an Executioner
 21016 | Orc:2    | Killed ritesign's ghost
 21072 | Orc:1    | Found Umpeckie's Self-Improvement Boutique.
 21081 | Orc:1    | Bought a manual of Maces & Flails for 1120 gold pieces
 21137 | Orc:1    | Found Siciwiuf's Distillery.
 21144 | Orc:1    | Bought a potion of mutation for 112 gold pieces
 21144 | Orc:1    | Bought a potion of heal wounds for 70 gold pieces
 21144 | Orc:1    | Bought 2 potions of curing for 84 gold pieces
 21144 | Orc:1    | Bought 2 potions of flight for 84 gold pieces
 21144 | Orc:1    | Bought a potion of resistance for 140 gold pieces
 21191 | Orc:1    | You fall into a shaft and drop 1 floor!
 21805 | Spider:1 | Entered Level 1 of the Spider Nest
 21842 | Spider:1 | Reached skill level 14 in Fighting
 22412 | Spider:1 | Noticed Frances
 22475 | Spider:1 | Killed Frances
 22489 | Spider:1 | Reached skill level 5 in Translocations
 22875 | Spider:1 | Found a large runed translucent door.
 22876 | Spider:1 | Found a large runed translucent door.
 23070 | Spider:1 | Noticed Curundu's ghost (journeyman MiBe)
 23113 | Spider:1 | Killed Curundu's ghost
 23121 | Spider:1 | Identified the staff of air "Yrireips" {rElec MP+9}
 24254 | Spider:1 | Reached XP level 17. HP: 167/182 MP: 25/25
 26319 | Spider:3 | HP: 9/182 [meliai/divine providence (15)]
 26319 | Spider:3 | HP: 2/182 [culicivora (7)]
 26321 | Spider:3 | Slain by a culicivora

Illustrated notes

Levels and vault maps discovered:
D:1:      dpeg_arrival_stone_temple_mockup, layout_rooms, nicolae_hexahallways,
          roderic_lattice_a, st_stairs_3, minmay_misc_feat_four_crosses
D:2:      layout_basic
D:3:      layout_rooms, nicolae_overflow_ecumenical_swirl,
          nicolae_kikubaaqudgha_miasma_corner
D:4:      layout_rooms, grunt_gozag_statues, gammafunk_ghost_stat_death
D:5:      minmay_razor_zed, layout_basic
D:6:      layout_loops_corners, vehumet_statue,
          minmay_temple_entry_glassed_door, chequers_ossuary_entry_cave,
          uniq_duvessa, uniq_crazy_yiuf_cottage
D:7:      layout_rooms, gammafunk_temple_overflow_forgotten,
          nicolae_dithmenos_shadow_blocks
D:8:      layout_cave_pools, nicolae_yredelemnul_ghost_church,
          kennysheep_okawaru_gauntlet, uniq_prince_ribbit1, uniq_joseph
D:9:      layout_irregular_city, hellmonk_lair_entry_icy, serial_rivers,
          chequers_serial_rivers_small_b, chequers_serial_rivers_micro_e,
          chequers_serial_rivers_large_a, chequers_serial_rivers_small_a,
          chequers_serial_rivers_micro_b, minmay_checkerbox
D:10:     layout_roguey, minmay_orc_entry_temple_small
D:11:     cheibrodos_lost_city_excavation, layout_loops_ring, serial_shops,
          shop, portal_ice_cave_entry_imps
Temple:   chequers_temple_sunken
Lair:1:   layout_small_grid, gammafunk_ghost_berserking_beasts, basic_altar,
          st_stairs_7, lemuel_fruit_fields, lemuel_fruit_fields, uniq_nergalle
Lair:2:   layout_cave_pods, nicolae_spider_entry_tight_spaces
Lair:3:   layout_roguey, elwin_shoals_entry_rocks, st_stairs_8, minivault_26,
          serial_bayou_pond_d, dpeg_oklob_1
Lair:4:   layout_regular_city, uniq_snorg
Lair:5:   hangedman_lair_caniforms_friends, layout_layer_cave,
          minmay_slime_entry_jelly_boxes, cheibrodos_lair_lostbears,
          grunt_megastairs_2, lemuel_fruit_tree, uniq_nessos
Spider:1: layout_chambers, ebering_ghost_disaster_area, uniq_frances
Spider:2: layout_spider_delve
Spider:3: nicolae_spider_hilbert_zone_1 [nicolae_spider_hilbert_4_sides_1_open,
          nicolae_spider_hilbert_4_sides_1_open,
          nicolae_spider_hilbert_4_sides_1_open,
          nicolae_spider_hilbert_4_sides_1_open,
          nicolae_spider_hilbert_3_sides_1_open,
          nicolae_spider_hilbert_3_sides_1_open,
          nicolae_spider_hilbert_3_sides_1_open,
          nicolae_spider_hilbert_3_sides_1_open,
          nicolae_spider_hilbert_3_sides_1_open,
          nicolae_spider_hilbert_6_sides_1_open,
          nicolae_spider_hilbert_6_sides_1_open,
          nicolae_spider_hilbert_3_sides_1_open,
          nicolae_spider_hilbert_3_sides_1_open,
          nicolae_spider_hilbert_3_sides_1_open,
          nicolae_spider_hilbert_3_sides_1_open,
          nicolae_spider_hilbert_2_sides_1_open]
Orc:1:    layout_caves, serial_shops, nicolae_shop_tiny_statue_garden,
          nicolae_shop_self_help
Orc:2:    st_orc_mages, layout_caves, hellmonk_ghost_happy_afterlife

Skill      XL: |  1  2  3  4  5  6  7  8  9 10 11 12 13 14 15 16 17 |
---------------+----------------------------------------------------+-----
Dodging        | 3 4 5 6 7 8 9 10 | 10.7
Ice Magic      | 1 2 3 4 5 6 |  6.0
Throwing       | 1 2 3 4 5 6 |  6.0
Invocations    | 1 2 3 4 5 7 8 9 10 11 12 | 12.0
Polearms       | 1 |  1.0
Fighting       | 5 6 7 8 9 10 11 12 13 14 | 14.8
Maces & Flails | 1 2 3 4 5 7 8 9 10 11 12 13 | 13.9
Shields        | 4 5 6 7 8 9 10 11 | 11.7
Hexes          | 3 5 6 |  6.2
Translocations | 3 5 6 |  6.0
Axes           | |  2.4

Action                     |  1- 3 |  4- 6 |  7- 9 | 10-12 | 13-15 | 16-18 || total
---------------------------+-------+-------+-------+-------+-------+-------++-------
  Melee: War axe           |    58 |       |       |       |       |       ||    58
         Spear             |    44 |   115 |       |       |       |       ||   159
         Mace              |       |    49 |   299 |   514 |   479 |  1253 ||  2594
  Throw: Boomerang         |       |       |     8 |    59 |   103 |    56 ||   226
         Large rock        |       |       |       |       |    22 |    25 ||    47
   Cast: Ozocubu's Armour  |       |     1 |     4 |    11 |    11 |    20 ||    47
         Lesser Beckoning  |       |       |       |     2 |       |       ||     2
         Blink             |       |       |       |       |     2 |     5 ||     7
         Tukima's Dance    |       |       |       |       |       |     4 ||     4
         Confusing Touch   |       |       |       |       |       |     2 ||     2
 Invoke: Minor Destruction |       |       |       |     3 |       |       ||     3
         Major Destruction |       |       |       |     9 |    20 |     3 ||    32
         Lesser Servant of |       |       |       |       |     1 |       ||     1
         Greater Servant o |       |       |       |       |     2 |     6 ||     8
  Evoke: Wand              |       |       |       |     1 |       |       ||     1
         Phial of floods   |       |       |       |       |       |     1 ||     1
    Use: Scroll            |       |     5 |     3 |    12 |     5 |     9 ||    34
         Potion            |       |     4 |       |    13 |     8 |     4 ||    29
   Stab: Sleeping          |     1 |     1 |     3 |       |     2 |     1 ||     8
         Distracted        |       |       |       |     1 |       |     2 ||     3
         Invisible         |       |       |       |       |     7 |       ||     7
         Confused          |       |       |       |       |       |     1 ||     1
 Armour: Robe              |    19 |    36 |    37 |   179 |    15 |       ||   286
         Skin              |       |    38 |     2 |    18 |    19 |       ||    77
         Animal skin       |       |       |       |       |   126 |   320 ||   446
  Dodge: Dodged            |    38 |    51 |    87 |   267 |   193 |   794 ||  1430
  Block: Kite shield       |    36 |    66 |   142 |   350 |   258 |   726 ||  1578
